 Dungeon Crawl Stone Soup version 0.29.0-5-ge4962eb29e (webtiles) character file.

Game seed: 1366851539216726161

62487 nickcage the Bludgeoner (level 14, -4/141 HPs)
             Began as a Minotaur Gladiator on Aug 29, 2022.
             Was the Champion of Makhleb.
             Slain by an enormous slime creature (57 damage)
             ... in an ice cave.
             The game lasted 01:05:38 (17766 turns).

nickcage the Bludgeoner (Minotaur Gladiator)       Turns: 17766, Time: 01:05:38

Health: -4/141     AC: 32    Str: 24    XL:     14   Next: 64%
Magic:  17/17      EV:  7    Int:  5    God:    Makhleb [******]
Gold:   1187       SH: 11    Dex: 12    Spells: 12/13 levels left

rFire   + + .      SeeInvis +   w - +6 shillelagh "Devastator" {shatter}
rCold   + . .      Faith    .   U - +1 kite shield {rC+}
rNeg    . . .      Spirit   .   f - +4 plate armour {rF+}
rPois   +          Reflect  .   c - +2 hat
rElec   .          Harm     .   A - +2 cloak {rPois}
rCorr   .          Rampage  .   y - +0 pair of gloves
Will    +....                   l - +0 pair of boots
Stlth   ..........              (no amulet)
HPRegen 0.33/turn               S - ring of see invisible
MPRegen 0.15/turn               s - ring of protection from fire

@: studying Earth Magic
A: horns 2, retaliatory headbutt, iridescent scales 1, robust 1
a: Renounce Religion, Minor Destruction, Lesser Servant of Makhleb, Major
Destruction, Greater Servant of Makhleb


You were in an ice cave.
You worshipped Makhleb.
Makhleb was exalted by your worship.
You visited 2 branches of the dungeon, and saw 17 of its levels.
You also visited: Ice Cave and Volcano.

You collected 1187 gold pieces.

Inventory:

Hand Weapons
 e - a +0 vampiric demon whip
 w - the +6 shillelagh "Devastator" (weapon) {shatter}
   (You found it on level 10 of the Dungeon)

   It releases a powerful concussive burst when it strikes, dealing extra damage
   to the target and all other foes adjacent to them.
 P - the +9 spear "Murmur" {vamp, rElec rCorr Dex-5}
   (You found it on level 5 of the Lair of Beasts)

   It occasionally heals its wielder for a portion of the damage dealt when it
   wounds a living foe.
   Dex:       It affects your dexterity (-5).
   rElec:     It insulates you from electricity.
   rCorr:     It protects you from acid and corrosion.
 Q - a +3 flail
 Y - a +2 eveningstar of freezing
Missiles
 L - 8 poisoned darts
 N - 4 javelins
 V - 5 boomerangs of dispersal
Armour
 b - the +3 buckler of Xom's Supremacy {rF+ Stlth+}
   (You acquired it on level 11 of the Dungeon)

   rF:        It protects you from fire.
   Stlth:     It makes you more stealthy.
 c - a +2 hat (worn)
 f - a +4 plate armour of fire resistance (worn)
 l - a +0 pair of boots (worn)
 u - the +3 chain mail of Day {Rampage rElec Str-3 Dex+5}
   (You found it on level 3 of the Dungeon)

   Str:       It affects your strength (-3).
   Dex:       It affects your dexterity (+5).
   rElec:     It insulates you from electricity.
   Rampage:   It bestows one free step when moving towards enemies.
 y - a +0 pair of gloves (worn)
 A - a +2 cloak of poison resistance (worn)
 M - a +0 plate armour
 U - a +1 kite shield of cold resistance (worn)
Jewellery
 n - an amulet of faith
 s - a ring of protection from fire (right hand)
 S - a ring of see invisible (left hand)
Wands
 d - a wand of roots (22)
 h - a wand of mindburst (5)
 j - a wand of quicksilver (11)
 o - a wand of flame (5) (quivered)
 p - a wand of digging (6)
 C - a wand of polymorph (2)
 F - a wand of charming (12)
Scrolls
 i - a scroll of fear
 k - 4 scrolls of teleportation
 m - 5 scrolls of blinking
 x - 6 scrolls of butterflies
 I - a scroll of summoning
 J - 6 scrolls of amnesia
 T - 2 scrolls of noise
 X - a scroll of magic mapping
 Z - a scroll of poison
Potions
 a - 3 potions of magic
 g - 13 potions of curing
 q - 3 potions of mutation
 r - 3 potions of ambrosia
 t - 3 potions of degeneration
 v - 3 potions of might
 z - 3 potions of flight
 B - 3 potions of heal wounds
 D - 3 potions of resistance
 E - a potion of cancellation {unknown}
 G - a potion of berserk rage {unknown}
 H - 2 potions of brilliance {unknown}
 K - a potion of lignification {unknown}
 R - a potion of attraction {unknown}
 W - 2 potions of haste
Miscellaneous
 O - a tin of tremorstones (2/2)


   Skills:
 + Level 13.4 Fighting
 + Level 20.3 Maces & Flails
 - Level 2.0 Throwing
 + Level 15.6 Armour
 - Level 3.2 Dodging
 + Level 9.1 Shields
 - Level 6.1 Invocations


You had 12 spell levels left.
You knew the following spells:

 Your Spells              Type           Power      Damage    Failure   Level
a - Slow                  Hex            0%         N/A       100%        1

Your spell library contained the following spells:

 Spells                   Type           Power      Damage    Failure   Level
 Necrotise                Necr           0%         1d4       100%        1
 Sandblast                Erth           0%         2d4       100%        1
 Ensorcelled Hibernation  Hex/Ice        0%         N/A       100%        2
 Passwall                 Tmut/Erth      0%         N/A       100%        2
 Poisonous Vapours        Pois/Air       0%         N/A       100%        2
 Scorch                   Fire           0%         2d5       100%        2
 Confusing Touch          Hex            0%         N/A       100%        3
 Dazzling Flash           Conj/Hex       0%         N/A       100%        3
 Ozocubu's Armour         Ice            0%         N/A       100%        3
 Stone Arrow              Conj/Erth      0%         3d7       100%        3
 Swiftness                Air            0%         N/A       100%        3
 Vampiric Draining        Necr           0%         2d6       100%        3
 Animate Armour           Summ/Erth      0%         N/A       100%        4
 Animate Dead             Necr           0%         N/A       100%        4
 Corpse Rot               Necr/Pois/Air  0%         N/A       100%        4
 Flame Wave               Conj/Fire      0%         2d4       100%        4
 Hailstorm                Conj/Ice       0%         3d3       100%        4
 Ice Form                 Ice/Tmut       0%         N/A       100%        4
 Agony                    Necr           0%         N/A       100%        5
 Blade Hands              Tmut           0%         N/A       100%        5
 Borgnjor's Vile Clutch   Necr/Erth      0%         N/A       100%        5
 Silence                  Hex/Air        0%         N/A       100%        5
 Death Channel            Necr           0%         N/A       100%        6
 Iron Shot                Conj/Erth      0%         9d1       100%        6
 Simulacrum               Ice/Necr       0%         N/A       100%        6
 Summon Cactus Giant      Summ           0%         N/A       100%        6


Dungeon Overview and Level Annotations

Branches:
Dungeon (12/15)            Temple (0/1) D:7            Lair (5/5) D:8
 Shoals (0/4) Lair:3        Snake (0/4) Lair:2        Slime (0/5) Lair:5
    Orc (0/2) D:9           IceCv (1/1)             Volcano (visited)

Altars:
Ashenzari
Dithmenos
Fedhas
Gozag
Makhleb
Ru
Uskayaw
Vehumet
Zin
Jiyva

Shops:
D:3 (

Portals:
Abyss: D:7

Annotations:
D:7 2 transporters, airrhodes1's ghost, amateur HuEn


Innate Abilities, Weirdness & Mutations

You have a pair of horns on your head.
You reflexively headbutt those who attack you in melee.
You are partially covered in iridescent scales. (AC +2)
You are robust. (+10% HP)


Message History

The slime creatures and the very large slime creature shudder.
The slime creature is severely wounded.
The very large slime creature is lightly wounded.
The slime creature is lightly wounded.
You headbutt the slime creature.
The slime creature is severely wounded.
You hit the slime creature.
The slime creatures and the very large slime creature shudder.
The slime creature is severely wounded.
The very large slime creature is lightly wounded.
The slime creature is lightly wounded.
You headbutt the slime creature.
The slime creature is almost dead.
The slime creature hits you but does no damage.
The very large slime creature hits you!!
Two slime creatures merge to form an enormous slime creature.
The slime creature attacks as you move away!
The slime creature hits you but does no damage.
You are splashed with acid!!
The slime creature attacks as you move away!
The slime creature hits you but does no damage.
The slime creature attacks as you move away!
The slime creature hits you.
You hit the slime creature.
The slime creature shudders.
The slime creature is almost dead.
You headbutt the slime creature.
The slime creature is almost dead.
The slime creature hits you but does no damage.
You sock the slime creature!
The enormous slime creature and the slime creature shudder.
The enormous slime creature is lightly wounded.
The slime creature is lightly wounded.
You kill the slime creature!
Makhleb accepts your kill.
You feel better.
The enormous slime creature attacks as you move away!
The enormous slime creature hits you!!! You block the slime creature's attack.
The enormous slime creature attacks as you move away!
The enormous slime creature hits you!!!
You die...

#.... #..####..##..#..#
#... #..##....#..##..#
#......##.......##..##.##
#..#...#...##...#)..#..#
#..##.##...##..##..##..#
#..##.#....##..##.##..##
#...#.#....##..##.#...#
#...#.#...###...#....##
##.....J@## #.......##
#.....J.# #.......#
##......# ##......#
#.....## #.....## ##...##
##...## ##### #####


You could see an enormous slime creature and a slime creature.

Vanquished Creatures
  A quicksilver ooze (IceCv)
  A dire elephant (Lair:5)
  A fire dragon (Volcano)
  3 hydras
  2 catoblepae (Lair:5)
  A boulder beetle (D:12)
  2 two-headed ogres (D:10)
  A centaur warrior (D:8)
  A death yak (Lair:5)
  5 sun demons (Volcano)
  Urug (Lair:5)
  A spectral death yak (Lair:5)
  Amaemon (Lair:1)
  A spectral anaconda (Lair:5)
  An obsidian statue (Lair:5)
  An ugly thing (D:11)
  4 necromancers (Lair:5)
  24 elephants
  3 cyclopes (D:12)
  3 ice statues (IceCv)
  8 black mambas
  A dire elephant zombie (Lair:5)
  4 gargoyles
  A smoke demon (Volcano)
  19 cane toads
  An orange demon (Lair:1)
  3 rime drakes
  A kobold demonologist (D:10)
  Psyche (D:11)
  3 komodo dragons (Lair:1)
  4 trolls
  A hornet (D:9)
  4 dream sheep (Lair:4)
  8 blink frogs
  7 slime creatures (IceCv)
  Sigmund (D:5)
  A shadow (D:9)
  A dire elephant simulacrum (Lair:5)
  7 wyverns
  5 basilisks
  43 yaks
  2 vampire mosquitoes (D:11)
  A warg (Lair:1)
  4 steam dragons
  2 death yak simulacra (Lair:5)
  2 nagas (Lair:2)
  A spectral cane toad (Lair:5)
  2 hell hounds (Volcano)
  An acid dragon (D:11)
  16 water moccasins
  3 orc warriors (D:8)
  3 black bears
  3 ice beasts
  2 sky beasts
  3 great orb of eyes simulacra (IceCv)
  An elephant zombie (Lair:5)
  2 ogres
  A centaur (D:12)
  21 wolves
  2 elephant skeletons (Lair:5)
  2 phantoms
  5 slime creature simulacra (IceCv)
  2 kobold brigands
  3 elf zombies (D:8)
  12 bullfrogs
  A scorpion (D:7)
  3 cane toad simulacra (Lair:5)
  2 glowing shapeshifter simulacra (IceCv)
  2 elf skeletons (D:8)
  11 wights
  3 elephant simulacra (Lair:5)
  12 killer bees
  7 howler monkeys
  Crazy Yiuf (D:6)
  3 human skeletons (D:8)
  8 orc priests
  6 hounds
  An iguana (D:6)
  10 orc wizards
  6 shapeshifter simulacra (IceCv)
  A mummy (D:8)
  4 adders
  An ufetubus (D:5)
  A worm (D:2)
  A dart slug (D:4)
  28 orcs
  5 ball pythons
  5 endoplasms
  A giant cockroach (D:1)
  10 goblins
  10 hobgoblins
  2 jackals (D:3)
  12 kobolds
  3 quokkas
  2 bats
  2 frilled lizards
  A hobgoblin zombie (D:8)
  2 kobold zombies (D:8)
  2 orc skeletons (D:8)
  2 orc zombies (D:8)
  3 rats (D:2)
452 creatures vanquished.

Vanquished Creatures (collateral kills)
  A deep troll earth mage (D:10)
1 creature vanquished.

Vanquished Creatures (others)
  A great orb of eyes simulacrum (IceCv)
  An orc wizard (D:8)
  17 fungi
  25 plants
  17 withered plants (Lair:5)
61 creatures vanquished.

Grand Total: 514 creatures vanquished

Notes
Turn   | Place    | Note
-------+----------+-------------------------------------------
     0 | D:1      | nickcage the Minotaur Gladiator began the quest for the
                  | Orb.
     0 | D:1      | Reached XP level 1. HP: 18/18 MP: 0/0
    91 | D:1      | Reached skill level 4 in Maces & Flails
   131 | D:1      | Reached XP level 2. HP: 22/25 MP: 1/1
   233 | D:1      | Found a faded altar of an unknown god.
   978 | D:2      | Reached skill level 5 in Maces & Flails
   992 | D:2      | Reached XP level 3. HP: 27/30 MP: 2/2
  1072 | D:2      | Learned a level 1 spell: Slow
  1983 | D:3      | Noticed an ogre
  1997 | D:3      | Killed an ogre
  1998 | D:3      | Reached skill level 6 in Maces & Flails
  1998 | D:3      | Reached XP level 4. HP: 37/37 MP: 3/3
  1998 | D:3      | Reached XP level 5. HP: 42/42 MP: 4/4
  2051 | D:3      | Found Adaoceno's Antique Weapon Shoppe.
  2062 | D:3      | Identified the +2 dagger "Tusocubbum" {spect, rPois Str+4}
  2141 | D:3      | Found a radiant altar of Vehumet.
  2149 | D:3      | Reached skill level 7 in Maces & Flails
  2165 | D:3      | Identified the +3 chain mail of Day {Rampage rElec Str-3
                  | Dex+5}
  2531 | D:4      | Noticed an ogre
  2536 | D:4      | Killed an ogre
  2537 | D:4      | Reached skill level 8 in Maces & Flails
  2615 | D:4      | Reached XP level 6. HP: 50/50 MP: 5/5
  2638 | D:4      | Noticed a water moccasin
  2644 | D:4      | Killed a water moccasin
  2660 | D:4      | Reached skill level 9 in Maces & Flails
  2705 | D:4      | Found a shadowy altar of Dithmenos.
  2983 | D:5      | Entered Level 5 of the Dungeon
  3076 | D:5      | Found a burning altar of Makhleb.
  3089 | D:5      | Reached XP level 7. HP: 35/53 MP: 6/6
  3262 | D:5      | Became a worshipper of Makhleb the Destroyer
  3300 | D:5      | Found a hide-covered altar of Uskayaw.
  3314 | D:5      | Reached skill level 10 in Maces & Flails
  3346 | D:5      | Noticed Sigmund
  3358 | D:5      | Killed Sigmund
  3914 | D:5      | Reached skill level 11 in Maces & Flails
  4204 | D:5      | Reached skill level 1 in Armour
  4438 | D:6      | Reached XP level 8. HP: 62/62 MP: 7/7
  4760 | D:6      | Reached skill level 12 in Maces & Flails
  4831 | D:6      | You fall into a shaft and drop 2 floors!
  5683 | D:6      | Found a runed translucent door.
  5684 | D:6      | Noticed Crazy Yiuf
  5691 | D:6      | Killed Crazy Yiuf
  5692 | D:6      | Reached skill level 5 in Armour
  6121 | D:7      | Found a transporter.
  6127 | D:7      | Found a transporter.
  6158 | D:7      | Noticed a toenail golem
  6399 | D:7      | Found a broken altar of Ashenzari.
  6408 | D:7      | Reached XP level 9. HP: 68/71 MP: 8/8
  6430 | D:7      | Found a glowing silver altar of Zin.
  6582 | D:7      | Found a staircase to the Ecumenical Temple.
  6811 | D:7      | Found a one-way gate to the infinite horrors of the Abyss.
  6811 | D:7      | Noticed airrhodes1's ghost (amateur HuEn)
  6836 | D:7      | Noticed a hell hog
  6843 | D:7      | Noticed a toenail golem
  6887 | D:8      | Reached skill level 13 in Maces & Flails
  7014 | D:8      | Identified the +0 scale mail of the Garden {Harm Str+3
                  | Dex-3}
  7019 | D:8      | Reached * piety under Makhleb
  7280 | D:8      | Reached skill level 5 in Fighting
  7572 | D:8      | Noticed a centaur warrior
  7582 | D:8      | Killed a centaur warrior
  7878 | D:8      | Found a staircase to the Lair.
  8140 | D:8      | Found a sacrificial altar of Ru.
  8142 | D:8      | Reached skill level 14 in Maces & Flails
  8353 | D:9      | Reached XP level 10. HP: 88/88 MP: 9/9
  8367 | D:9      | Reached ** piety under Makhleb
  8680 | D:9      | Found a staircase to the Orcish Mines.
  8686 | D:9      | Identified the +5 whip of the Twelve Planets {elec, *Rage
                  | rC+ Int+3 Dex+2}
  8734 | D:9      | Reached skill level 10 in Fighting
  9029 | D:9      | Reached *** piety under Makhleb
  9030 | D:9      | Reached skill level 1 in Invocations
  9257 | D:9      | Found an opulent altar of Gozag.
  9257 | D:9      | Found a blossoming altar of Fedhas.
  9274 | D:10     | Entered Level 10 of the Dungeon
  9359 | D:10     | Noticed a two-headed ogre
  9385 | D:10     | Killed a two-headed ogre
  9386 | D:10     | Reached XP level 11. HP: 101/101 MP: 9/11
  9494 | D:10     | Noticed a deep troll earth mage
  9494 | D:10     | Found the +6 shillelagh "Devastator" {shatter}
  9514 | D:10     | Killed a deep troll earth mage
  9546 | D:10     | Reached skill level 10 in Armour
 10387 | D:10     | Noticed a two-headed ogre
 10395 | D:10     | Killed a two-headed ogre
 10522 | D:11     | Noticed Psyche
 10540 | D:11     | Killed Psyche
 10675 | D:11     | Reached skill level 15 in Maces & Flails
 10761 | D:11     | Noticed a white ugly thing
 10768 | D:11     | Killed a white ugly thing
 10769 | D:11     | Reached skill level 1 in Shields
 11202 | D:11     | Identified a scroll of acquirement
 11202 | D:11     | Acquired the +3 buckler of Xom's Supremacy {rF+ Stlth+}
 11296 | Lair:1   | Entered Level 1 of the Lair of Beasts
 11337 | Lair:1   | Noticed Amaemon
 11365 | Lair:1   | Killed Amaemon
 11375 | Lair:1   | Reached **** piety under Makhleb
 11381 | Lair:1   | Reached XP level 12. HP: 85/112 MP: 14/14
 11972 | Lair:1   | Reached skill level 5 in Invocations
 11988 | Lair:1   | Reached ***** piety under Makhleb
 12369 | Lair:2   | Found a staircase to the Snake Pit.
 12410 | Lair:2   | Found a dark tunnel.
 12419 | Volcano  | Entered a volcano
 12620 | Volcano  | Reached skill level 5 in Shields
 12878 | Volcano  | Noticed a fire dragon
 12902 | Volcano  | Killed a fire dragon
 12903 | Volcano  | Reached skill level 15 in Armour
 12903 | Volcano  | Reached XP level 13. HP: 99/122 MP: 16/16
 12904 | Volcano  | Found the +2 cloak of the Thief {*Fog Slay-2 SInv Stlth+}
 13725 | Lair:3   | Found a staircase to the Shoals.
 14569 | Lair:4   | Identified the +1 robe of Spring Thaw {Harm Regen+ Stlth+}
 14624 | Lair:4   | Reached skill level 16 in Maces & Flails
 15309 | Lair:5   | Entered Level 5 of the Lair of Beasts
 15341 | Lair:5   | Reached skill level 17 in Maces & Flails
 15423 | Lair:5   | Reached skill level 18 in Maces & Flails
 15513 | Lair:5   | Reached XP level 14. HP: 129/129 MP: 17/17
 15516 | Lair:5   | Noticed Urug
 15534 | Lair:5   | Killed Urug
 16002 | Lair:5   | Reached skill level 19 in Maces & Flails
 16224 | Lair:5   | Identified the +9 spear "Murmur" {vamp, rElec rCorr Dex-5}
 16368 | Lair:5   | Gained mutation: You have hidden genetic defects. [a
                  | neqoxec]
 16439 | Lair:5   | Reached ****** piety under Makhleb
 16693 | Lair:5   | Found a viscous altar of Jiyva.
 16699 | Lair:5   | Found a staircase to the Slime Pits.
 17012 | D:12     | Reached skill level 20 in Maces & Flails
 17061 | D:12     | Found a frozen archway.
 17065 | IceCv    | Entered an ice cave
 17086 | IceCv    | Gained mutation: Armour fits poorly on your strangely
                  | shaped body. [hidden defects]
 17105 | IceCv    | Lost mutation: Armour fits poorly on your strangely shaped
                  | body. [potion of mutation]
 17105 | IceCv    | Lost mutation: You have hidden genetic defects. [potion of
                  | mutation]
 17105 | IceCv    | Gained mutation: You are partially covered in iridescent
                  | scales. (AC +2) [potion of mutation]
 17105 | IceCv    | Gained mutation: You are robust. (+10% HP) [potion of
                  | mutation]
 17550 | IceCv    | Got Oshrumor's Precepts of Congelation
 17722 | IceCv    | Noticed a quicksilver ooze
 17732 | IceCv    | Killed a quicksilver ooze
 17766 | IceCv    | Slain by an enormous slime creature

Illustrated notes

Levels and vault maps discovered:
D:1:      sevenhm_arrival_forest_fort_small_5, layout_loops_ring,
          hellmonk_ecumenical_altar_run_dry, wad_floor_pattern_2
D:2:      layout_basic
D:3:      layout_basic, nicolae_vehumet_radiance, serial_shops,
          nicolae_shop_advertising_works [nicolae_subvault_shop_adworks]
D:4:      layout_gridville, amcnicky_altar_gilded, minmay_misc_feat_cross
D:5:      layout_basic, mainiacjoe_overflow_catch_the_wave, uniq_sigmund
D:6:      layout_layer_cave, uniq_crazy_yiuf_cottage
D:7:      layout_basic, mainiacjoe_overflow_large_starburst,
          minmay_temple_entry_offerings, gammafunk_ghost_abyssal_escape,
          david_defended_altar_orc
D:8:      layout_loops_ring, nicolae_ru_awakened_eye, lair_entry_dummy,
          nicolae_ossuary_entry_catacombs, st_stairs_7, minmay_mini_ossuary
D:9:      layout_rooms, gammafunk_temple_overflow_elements, orc_0_dummy
D:10:     minmay_roctagon, layout_basic
D:11:     layout_roguey, uniq_psyche
D:12:     minmay_tearing_corner, layout_cave_pools,
          portal_ice_cave_entry_pillars_2, st_stairs_1
Lair:1:   beast_lair_carwin_large_4, layout_gridlike, grunt_megastairs_2,
          serial_bayou_shore_b, uniq_amaemon
Lair:2:   layout_gridlike, guppyfry_snake_entry_island, enter_volcano_2,
          gauntlet_entry_generic, nicolae_lair_lil_pond, serial_bayou_shore_b,
          serial_bayou_shore_b
Lair:3:   layout_concentric_octagons, elwin_shoals_entry_rocks
Lair:4:   beast_lair_carwin_large_3, layout_small_grid, serial_bayou_shore_b,
          infiniplex_staircase_pool_2
Lair:5:   due_jungle_book, layout_loops_ring, dpeg_slime_entry_corner,
          minivault_23, lemuel_fruit_fields, uniq_urug
IceCv:    ice_cave_hellmonk_azure_passage

Skill      XL: |  1  2  3  4  5  6  7  8  9 10 11 12 13 14 |
---------------+-------------------------------------------+-----
Maces & Flails | 4 5 6 8 9 11 12 14 15 18 20 | 20.3
Armour         | 1 5 7 9 12 15 | 15.6
Fighting       | 4 7 10 12 13 | 13.4
Invocations    | 2 4 5 6 |  6.1
Shields        | 2 5 9 |  9.1
Throwing       | |  2.0
Dodging        | |  3.2

Action                   |  1- 3 |  4- 6 |  7- 9 | 10-12 | 13-15 || total
-------------------------+-------+-------+-------+-------+-------++-------
Melee: Flail             |    38 |       |       |       |       ||    38
       Headbutt          |    10 |    12 |    64 |    96 |   107 ||   289
       Dire flail        |    49 |     2 |       |       |       ||    51
       Dagger            |       |    48 |    87 |       |       ||   135
       Mace              |       |       |   217 |    80 |       ||   297
       Punch             |       |       |    11 |     1 |       ||    12
       Whip              |       |       |       |    94 |       ||    94
       Shillelagh        |       |       |       |   258 |   441 ||   699
Throw: Javelin           |     1 |       |       |       |       ||     1
       Throwing net      |     1 |       |       |       |       ||     1
       Dart              |       |       |       |    10 |     1 ||    11
Invok: Lesser Servant of |       |       |       |     1 |       ||     1
Evoke: Wand              |       |     5 |       |       |     3 ||     8
  Use: Scroll            |       |     7 |    10 |    11 |     6 ||    34
       Potion            |       |       |     3 |       |     1 ||     4
 Stab: Distracted        |       |     2 |     1 |       |       ||     3
       Petrifying        |       |       |       |       |     2 ||     2
Armor: Ring mail         |     6 |       |       |       |       ||     6
       Leather armour    |     1 |       |       |       |       ||     1
       Chain mail        |    30 |    23 |   122 |   247 |       ||   422
       Plate armour      |       |       |       |       |   188 ||   188
Dodge: Dodged            |    28 |    31 |    79 |   135 |    79 ||   352
Block: Buckler           |       |       |       |    57 |    92 ||   149
       Kite shield       |       |       |       |       |    13 ||    13
